 Dungeon Crawl Stone Soup version 0.18.1-48-g4cf74bf (webtiles) character file.

84 OTRawrior the Digger (level 4, 0/24 HPs)
             Began as a Gargoyle Earth Elementalist on Aug 14, 2016.
             Slain by a worker ant (4 damage)
             ... on level 3 of the Dungeon.
             The game lasted 00:06:54 (2956 turns).

OTRawrior the Digger (Gargoyle Earth Elementalist)  Turns: 2956, Time: 00:06:55

Health: 0/24       AC:  6    Str: 12    XL:     4   Next: 45%
Magic:  1/9        EV: 12    Int: 16    God:
Gold:   130        SH:  0    Dex: 10    Spells: 2 memorised, 6 levels left

rFire  . . .     SeeInvis .     o - +0 mace
rCold  . . .     Gourm    .     a - +1 robe
rNeg   + . .     Faith    .     (no shield)
rPois  ∞         Spirit   .     (no helmet)
rElec  +         Dismiss  .     (no cloak)
rCorr  +         Reflect  .     (no gloves)
SustAt .         Harm     .     (no boots)
MR     .....                    (no amulet)
Stlth  ++........               (no ring)
                                h - ring of resist corrosion

@: not resistant to hostile enchantments, unstealthy
A: negative energy resistance 1, electricity resistance, unbreathing,
petrification resistance, rot immunity, AC +3
a: no special abilities


You were on level 3 of the Dungeon.
You were not hungry.

You visited 1 branch of the dungeon, and saw 3 of its levels.

You collected 130 gold pieces.

Inventory:

Hand Weapons
 o - a +0 mace (weapon)
Missiles
 b - 91 stones (quivered)
Armour
 a - a +1 robe (worn)
Jewellery
 h - a ring of resist corrosion (left hand)
Scrolls
 f - a scroll of teleportation
 g - a scroll of enchant armour
 k - 2 scrolls of fear
 r - a scroll of recharging {unknown}
Potions
 e - a potion of heal wounds {unknown}
 i - 2 potions of curing {unknown}
 l - a potion of berserk rage {unknown}
 n - a potion of might
Books
 c - a book of Geomancy

   Spells                             Type                      Level
   a - Sandblast                      Earth                        1
   b - Passwall                       Transmutation/Earth          2
   c - Stone Arrow                    Conjuration/Earth            3
   d - Petrify                        Transmutation/Earth          4
   e - Lee's Rapid Deconstruction     Earth                        5
Comestibles
 d - a bread ration
 j - a chunk of flesh
 m - 2 meat rations
 p - a slice of pizza
 q - a beef jerky


   Skills:
 - Level 1.5 Dodging
 - Level 2.1 Stealth
 * Level 3.6 Spellcasting
   Level 0.7 Transmutations
 + Level 4.5 Earth Magic


You had 6 spell levels left.
You knew the following spells:

 Your Spells              Type           Power        Failure   Level  Hunger
a - Sandblast             Erth           ###...       3%          1    None
b - Stone Arrow           Conj/Erth      ##....       21%         3    ###....


Dungeon Overview and Level Annotations

Branches:
Dungeon (3/15)

Altars:

Annotations:
D:2 Sigmund


Innate Abilities, Weirdness & Mutations

You are resistant to torment.
Your stone body is resilient (AC +3).
You are immune to poison.
You resist negative energy.
You are resistant to electric shocks.
You can survive without breathing.
You are immune to petrification.
You are immune to rotting.


Message History

Press: ? - help, Shift-Dir - straight line, f/p - worker ant
Aim: a worker ant (moderately wounded)
The blast of sand hits the worker ant.
The worker ant is moderately wounded.
The worker ant bites you. The worker ant barely misses you.
You hit the worker ant but do no damage.
The worker ant is moderately wounded.
The worker ant closely misses you.
You closely miss the worker ant.
The worker ant is moderately wounded.
The worker ant bites you but does no damage.
The worker ant bites you. The worm bites you!
* * * LOW HITPOINT WARNING * * *
You sock the worker ant!
The worker ant is severely wounded.
The worker ant closely misses you. The worker ant misses you.
You closely miss the worker ant.
The worker ant is severely wounded.
The worker ant bites you.
You die...

#####...#
#.......#
#.......#
#.......##
#........
#.......#
#....wa.#
#.....@<#
#...(...#
#.......#
#...$...#
#########


You could see a worm and a worker ant.

Vanquished Creatures
  2 adders (D:2)
  2 worms (D:2)
  3 dart slugs
  4 giant geckos
  2 giant cockroaches (D:1)
  5 goblins
  5 hobgoblins
  3 jackals (D:1)
  4 kobolds
  3 ball pythons (D:1)
  8 bats
  2 giant newts (D:2)
  8 rats
51 creatures vanquished.

Notes
Turn   | Place    | Note
--------------------------------------------------------------
     0 | D:1      | OTRawrior the Gargoyle Earth Elementalist began the quest for the Orb.
     0 | D:1      | Reached XP level 1. HP: 10/10 MP: 3/3
    89 | D:1      | Reached XP level 2. HP: 15/15 MP: 1/5
   883 | D:1      | Reached XP level 3. HP: 19/19 MP: 5/7
   888 | D:1      | Learned a level 3 spell: Stone Arrow
  1164 | D:1      | Reached skill level 4 in Earth Magic
  2056 | D:2      | Reached XP level 4. HP: 20/24 MP: 6/9
  2077 | D:2      | Noticed Sigmund
  2956 | D:3      | Slain by a worker ant

Skill      XL: |  1  2  3 |
---------------+----------+-----
Spellcasting   | 3 |  3.6
Earth Magic    | 4 |  4.5
Dodging        | |  1.5
Stealth        | |  2.1
Transmutations | |  0.7

Action                   |  1- 3 |  4- 6 || total
-------------------------+-------+-------++-------
Melee: Short sword       |    79 |       ||    79
       Mace              |     3 |    17 ||    20
 Cast: Sandblast         |    48 |    27 ||    75
       Stone Arrow       |       |     3 ||     3
  Use: Scroll            |       |     7 ||     7
 Stab: Sleeping          |     2 |       ||     2
  Eat: Chunk             |     4 |     3 ||     7
Armor: Robe              |    32 |     5 ||    37
Dodge: Dodged            |    82 |    15 ||    97
